Canucks vs Rangers
Created - 22 mars 2015 at 19:35
Goals
|
| Canucks |
2 |
0 |
2 |
4 |
| Rangers |
3 |
1 |
1 |
5 |
|
Shots
|
| Canucks |
11 |
6 |
21 |
38 |
| Rangers |
15 |
11 |
12 |
38 |
|
1st period
1. Rangers , Brad Richards 34 (Milan Lucic) at 4:12 (PP)
2. Canucks , Jaromir Jagr 41 (Matt Stajan, Kim Johnsson) at 9:34
3. Canucks , Alex Tanguay 23 (Maxim Lapierre, Alex Goligoski) at 13:21
4. Rangers , Milan Lucic 34 (Kimmo Timonen) at 14:43
5. Rangers , Milan Lucic 35 (Staffan Kronwall) at 18:58
Penalties :
Jason Chimera (Van) for Holding (Minor) at 3:58, Mike Cammalleri (NYR) for Interference (Minor) at 19:42
2nd period
6. Rangers , Patrice Bergeron 25 (Drew Stafford, Mike Cammalleri) at 9:46 (PP)
Penalties :
Maxim Lapierre (Van) for Roughing (Minor) at 9:28, Kimmo Timonen (NYR) for Fighting (Major) at 10:00, Peter Worrell (Van) for Fighting (Major) at 10:00, Drew Stafford (NYR) for Hooking (Minor) at 14:26, Ryan Whitney (NYR) for Hooking (Minor) at 19:14
3rd period
7. Rangers , Matt Read 6 (Ryan Whitney, Mike Cammalleri) at 8:21
8. Canucks , Maxim Lapierre 19 (Steve Montador) at 12:02
9. Canucks , Alex Goligoski 10 (David Jones) at 14:49
Penalties :
Brad Richards (NYR) for High sticking (Minor) at 9:04, Brad Richards (NYR) for Interference (Minor) at 19:22
Goalie Stats
Carey Price (Van), 33 saves from 38 shots - (0,868), L, 35-29-6, 59:23 minutes
Henrik Lundqvist (NYR), 34 saves from 38 shots - (0,895), W, 21-28-7, 60:00 minutes
Players Stats for Canucks
Player Name G A P +/- PIM S H SB GA TA FO MP PP MP PK MP
------------------------------------------------------------------------------------
Alex Goligoski 1 1 2 1 0 5 2 1 2 2 0/0 29:22 5:44 0:32
Alex Tanguay 1 0 1 1 0 5 0 1 0 1 0/0 14:20 0:10 0:00
Antti Miettinen 0 0 0 1 0 1 1 0 0 1 0/0 13:47 0:06 0:00
Clarke MacArthur 0 0 0 -1 0 1 1 0 0 0 0/0 16:35 2:43 0:00
David Jones 0 1 1 -1 0 0 4 0 0 0 1/2 16:32 2:28 0:00
Jaromir Jagr 1 0 1 1 0 6 2 0 1 0 1/6 22:36 5:59 0:32
Jason Chimera 0 0 0 0 2 0 0 0 0 0 0/0 7:25 0:00 0:00
Kim Johnsson 0 1 1 0 0 1 0 2 0 1 0/0 19:12 2:49 0:00
Kyle Cumiskey 0 0 0 0 0 0 0 0 0 1 0/0 11:26 0:00 0:00
Matt Stajan 0 1 1 1 0 5 0 2 0 0 25/43 22:04 5:59 0:00
Maxim Lapierre 1 1 2 1 2 2 2 0 0 1 2/6 13:25 0:06 0:00
Nikolai Zherdev 0 0 0 0 0 2 0 0 0 0 0/0 7:26 0:00 0:00
Peter Worrell 0 0 0 1 5 1 1 0 0 0 0/0 21:17 5:40 0:32
Ryan Craig 0 0 0 0 0 0 1 1 0 0 1/1 7:26 0:00 0:00
Sami Lepisto 0 0 0 0 0 1 0 0 0 0 0/0 11:26 0:00 0:00
Steve Montador 0 1 1 1 0 3 2 1 1 1 0/0 29:22 5:44 0:32
Tom Poti 0 0 0 0 0 1 2 1 0 0 0/0 19:12 2:49 0:00
Tomas Plekanec 0 0 0 -1 0 4 2 0 0 0 5/8 16:32 2:28 0:00
Players Stats for Rangers
Player Name G A P +/- PIM S H SB GA TA FO MP PP MP PK MP
------------------------------------------------------------------------------------
Alexandre Burrows 0 0 0 0 0 4 1 0 0 0 0/1 14:06 0:00 1:35
Alexei Emelin 0 0 0 0 0 0 0 0 0 0 0/0 4:02 0:00 0:00
Brad Richards 1 0 1 -1 4 3 2 0 1 1 13/25 19:42 0:14 3:52
Cam Barker 0 0 0 0 0 3 0 1 0 0 0/0 28:25 0:20 4:49
Drew Stafford 0 1 1 -1 2 2 1 1 0 0 0/1 15:59 0:18 0:00
Johan Franzen 0 0 0 -1 0 0 0 1 0 0 0/1 15:37 0:14 0:00
Kimmo Timonen 0 1 1 -1 5 0 1 3 0 0 0/0 17:40 0:12 3:37
Mark Fistric 0 0 0 -1 0 1 1 2 1 0 0/0 19:19 0:12 3:44
Matt Greene 0 0 0 0 0 0 1 0 0 0 0/0 13:20 0:00 0:00
Matt Read 1 0 1 1 0 1 1 1 0 0 0/0 11:50 0:00 0:00
Mike Cammalleri 0 2 2 -1 2 3 1 0 1 0 0/1 17:21 0:18 0:40
Milan Lucic 2 1 3 0 0 9 5 2 3 1 5/13 27:43 0:14 5:17
Nathan Gerbe 0 0 0 0 0 2 0 0 1 0 0/0 7:21 0:00 0:00
Patrice Bergeron 1 0 1 -1 0 8 0 0 0 1 9/17 18:49 0:18 2:39
Radek Bonk 0 0 0 1 0 0 2 1 1 0 3/5 12:24 0:00 0:20
Ryan Whitney 0 1 1 0 2 2 0 1 0 1 0/0 23:28 0:20 3:51
Staffan Kronwall 0 1 1 0 0 0 0 0 0 0 0/0 13:59 0:00 1:16
Valtteri Filppula 0 0 0 0 0 0 1 0 0 0 1/2 10:27 0:00 2:43
3 Stars
1 - Milan Lucic (NYR)
2 - Alex Goligoski (Van)
3 - Maxim Lapierre (Van)
Power Play
Canucks - 0 on 5 Attempt(s) - 0,00%
Rangers - 2 on 2 Attempt(s) - 100,00%
Penalty Kill
Canucks - 0 on 2 Attempt(s) - 0,00%
- Score 0 goal in Penalty Kill
Rangers - 5 on 5 Attempt(s) - 100,00%
- Score 0 goal in Penalty Kill
Team Stat
Canucks - Hits : 20 - Faceoff Wins : 35 - Blocked Shots : 9 - Penalty Minutes : 9
Rangers - Hits : 17 - Faceoff Wins : 31 - Blocked Shots : 13 - Penalty Minutes : 15
Official
Referees : Watson Brad and Pollock Kevin
Linesman : Lyle Seitz and Pierre Champoux
Game Notes
Kimmo Timonen and Peter Worrell fight to a draw at 10:00 of 2nd period
Finance
Level 1 -- Attendance: 4155 (69,25%) -- Ticket Income 373 950 $
Level 2 -- Attendance: 3853 (77,06%) -- Ticket Income 211 915 $
Level 3 -- Attendance: 1748 (87,40%) -- Ticket Income 52 440 $
Level 4 -- Attendance: 3664 (91,60%) -- Ticket Income 73 280 $
Luxury Box -- Attendance: 714 (71,40%) -- Ticket Income 124 950 $
Game was played at the Madison Square Garden'
Total Attendance: 14134 (78,52%)
Total Ticket Income: 836 535 $
Other Income: 125 480 $
Total Income: 962 015 $
Canucks
5 vs 5 Forward
Center Left Wing Right Wing Time % Phy DF OF
1 Matt Stajan Peter Worrell Jaromir Jagr 40 1 2 2
2 Tomas Plekanec Clarke MacArthur David Jones 30 1 2 2
3 Maxim Lapierre Alex Tanguay Antti Miettinen 20 1 2 2
4 Ryan Craig Jason Chimera Nikolai Zherdev 10 1 2 2
5 vs 5 Defense
Defense Defense Time % Phy DF OF
1 Steve Montador Alex Goligoski 40 1 2 2
2 Tom Poti Kim Johnsson 30 1 2 2
3 Sami Lepisto Kyle Cumiskey 20 1 2 2
4 Steve Montador Alex Goligoski 10 1 2 2
PowerPlay Forward
Center Left Wing Right Wing Time % Phy DF OF
1 Matt Stajan Peter Worrell Jaromir Jagr 60 1 2 2
2 Tomas Plekanec Clarke MacArthur David Jones 40 1 2 2
PowerPlay Defense
Defense Defense Time % Phy DF OF
1 Steve Montador Alex Goligoski 60 1 2 2
2 Tom Poti Kim Johnsson 40 1 2 2
Penalty Kill 4 Players Forward
Center Wing Time % Phy DF OF
1 Jaromir Jagr Peter Worrell 60 1 2 2
2 Matt Stajan Clarke MacArthur 40 1 2 2
Penalty Kill 4 Players Defense
Defense Defense Time % Phy DF OF
1 Steve Montador Alex Goligoski 60 1 2 2
2 Tom Poti Kim Johnsson 40 1 2 2
Penalty Kill - 3 Players Forward
Forward Time % Phy DF OF
1 Jaromir Jagr 60 1 2 2
2 Peter Worrell 40 1 2 2
Penalty Kill - 3 Players Defense
Defense Defense Time % Phy DF OF
1 Steve Montador Alex Goligoski 60 1 2 2
2 Tom Poti Kim Johnsson 40 1 2 2
4 vs 4 Forward
Center Wing Time % Phy DF OF
1 Jaromir Jagr Peter Worrell 60 1 2 2
2 Matt Stajan Clarke MacArthur 40 1 2 2
4 vs 4 Defense
Defense Defense Time % Phy DF OF
1 Steve Montador Alex Goligoski 60 1 2 2
2 Tom Poti Kim Johnsson 40 1 2 2
Last Minutes Offensive
Center Left Wing Right Wing Defense Defense
Matt Stajan Peter Worrell Jaromir Jagr Steve Montador Alex Goligoski
Last Minutes Defensive
Center Left Wing Right Wing Defense Defense
Matt Stajan Peter Worrell Jaromir Jagr Steve Montador Alex Goligoski
Goaltenders
Starting : Carey Price
Backup : Brent Krahn
Extra Forwards
Normal : Alex Tanguay, Antti Miettinen, Maxim Lapierre - PP : Alex Tanguay, Antti Miettinen - PK : Maxim Lapierre
Extra Defensemen
Normal : Sami Lepisto, Kyle Cumiskey, Tom Poti - PP : Sami Lepisto - PK : Kyle Cumiskey, Tom Poti
Penalty Shots
Jaromir Jagr, Peter Worrell, Matt Stajan, Clarke MacArthur, Alex Tanguay
Rangers
5 vs 5 Forward
Center Left Wing Right Wing Time % Phy DF OF
1 Brad Richards Milan Lucic Johan Franzen 40 1 2 2
2 Patrice Bergeron Mike Cammalleri Drew Stafford 30 1 2 2
3 Radek Bonk Alexandre Burrows Matt Read 20 1 2 2
4 Valtteri Filppula Nathan Gerbe Milan Lucic 10 1 2 2
5 vs 5 Defense
Defense Defense Time % Phy DF OF
1 Cam Barker Ryan Whitney 40 1 2 2
2 Kimmo Timonen Mark Fistric 30 1 2 2
3 Matt Greene Staffan Kronwall 20 1 2 2
4 Alexei Emelin Cam Barker 10 1 2 2
PowerPlay Forward
Center Left Wing Right Wing Time % Phy DF OF
1 Brad Richards Milan Lucic Johan Franzen 60 1 2 2
2 Patrice Bergeron Mike Cammalleri Drew Stafford 40 1 2 2
PowerPlay Defense
Defense Defense Time % Phy DF OF
1 Cam Barker Ryan Whitney 60 1 2 2
2 Kimmo Timonen Mark Fistric 40 1 2 2
Penalty Kill 4 Players Forward
Center Wing Time % Phy DF OF
1 Milan Lucic Brad Richards 60 1 2 2
2 Patrice Bergeron Mike Cammalleri 40 1 2 2
Penalty Kill 4 Players Defense
Defense Defense Time % Phy DF OF
1 Cam Barker Ryan Whitney 60 1 2 2
2 Kimmo Timonen Mark Fistric 40 1 2 2
Penalty Kill - 3 Players Forward
Forward Time % Phy DF OF
1 Milan Lucic 60 1 2 2
2 Brad Richards 40 1 2 2
Penalty Kill - 3 Players Defense
Defense Defense Time % Phy DF OF
1 Cam Barker Ryan Whitney 60 1 2 2
2 Kimmo Timonen Mark Fistric 40 1 2 2
4 vs 4 Forward
Center Wing Time % Phy DF OF
1 Milan Lucic Brad Richards 60 1 2 2
2 Patrice Bergeron Mike Cammalleri 40 1 2 2
4 vs 4 Defense
Defense Defense Time % Phy DF OF
1 Cam Barker Ryan Whitney 60 1 2 2
2 Kimmo Timonen Mark Fistric 40 1 2 2
Last Minutes Offensive
Center Left Wing Right Wing Defense Defense
Brad Richards Milan Lucic Johan Franzen Cam Barker Ryan Whitney
Last Minutes Defensive
Center Left Wing Right Wing Defense Defense
Brad Richards Milan Lucic Johan Franzen Cam Barker Ryan Whitney
Goaltenders
Starting : Henrik Lundqvist
Backup : Hannu Toivonen
Extra Forwards
Normal : Alexandre Burrows, Radek Bonk, Valtteri Filppula - PP : Alexandre Burrows, Radek Bonk - PK : Valtteri Filppula
Extra Defensemen
Normal : Matt Greene, Staffan Kronwall, Alexei Emelin - PP : Matt Greene - PK : Staffan Kronwall, Alexei Emelin
Penalty Shots
Milan Lucic, Brad Richards, Patrice Bergeron, Mike Cammalleri, Johan Franzen
% Time on Ice - Canucks
Lines # - Real PCT - Wanted PCT - Time Play
Normal Forward
1 - 32% - 40% - 16:05
2 - 28% - 30% - 14:04
3 - 26% - 20% - 13:20
4 - 15% - 10% - 7:26
Normal Defense
1 - 40% - 40% - 20:24
2 - 32% - 30% - 16:23
3 - 22% - 20% - 11:26
4 - 5% - 10% - 2:42
PP Forward
1 - 71% - 60% - 6:05
2 - 29% - 40% - 2:28
PP Defense
1 - 67% - 60% - 5:44
2 - 33% - 40% - 2:49
PK Forward
1 - 100% - 60% - 0:32
2 - 0% - 40% - 0:00
PK Defense
1 - 100% - 60% - 0:32
2 - 0% - 40% - 0:00
PK3 Forward
1 - 0% - 60%
2 - 0% - 40%
PK3 Defense
1 - 0% - 60%
2 - 0% - 40%
44 Forward
1 - 0% - 60%
2 - 0% - 40%
44 Defense
1 - 0% - 60%
2 - 0% - 40%
Last Minute Offensive - 0:00
Last Minute Defensive - 0:00
Total
Forward - 60:00
Defense - 60:00
|
% Time on Ice - Rangers
Lines # - Real PCT - Wanted PCT - Time Play
Normal Forward
1 - 31% - 40% - 15:26
2 - 31% - 30% - 15:46
3 - 23% - 20% - 11:50
4 - 15% - 10% - 7:21
Normal Defense
1 - 38% - 40% - 19:14
2 - 29% - 30% - 14:51
3 - 24% - 20% - 12:16
4 - 8% - 10% - 4:02
PP Forward
1 - 44% - 60% - 0:14
2 - 56% - 40% - 0:18
PP Defense
1 - 63% - 60% - 0:20
2 - 38% - 40% - 0:12
PK Forward
1 - 87% - 60% - 7:27
2 - 13% - 40% - 1:06
PK Defense
1 - 56% - 60% - 4:49
2 - 44% - 40% - 3:44
PK3 Forward
1 - 0% - 60%
2 - 0% - 40%
PK3 Defense
1 - 0% - 60%
2 - 0% - 40%
44 Forward
1 - 0% - 60%
2 - 0% - 40%
44 Defense
1 - 0% - 60%
2 - 0% - 40%
Last Minute Offensive - 0:00
Last Minute Defensive - 0:32
Total
Forward - 60:00
Defense - 60:00
|
Play by Play
1st period
0:01 of 1st period - Matt Stajan wins face-off versus Milan Lucic in neutral zone.
0:08 of 1st period - Backhand shot by Matt Stajan.
0:08 of 1st period - Stopped by Henrik Lundqvist without a rebound.
0:09 of 1st period - Brad Richards wins face-off versus Matt Stajan in Rangers zone.
0:42 of 1st period - Snap shot by Matt Stajan.
0:42 of 1st period - Deflect By Jaromir Jagr.
0:42 of 1st period - Stopped by Henrik Lundqvist without a rebound.
0:43 of 1st period - David Jones wins face-off versus Patrice Bergeron in Rangers zone.
1:08 of 1st period - Kimmo Timonen is hit by Maxim Lapierre and loses puck.
1:37 of 1st period - Snap shot by Milan Lucic.
1:37 of 1st period - Shot Misses the Net.
2:16 of 1st period - Brad Richards is hit by David Jones.
2:20 of 1st period - Clarke MacArthur is hit by Brad Richards.
2:32 of 1st period - Snap shot by Alexandre Burrows.
2:32 of 1st period - Stopped by Carey Price with a rebound.
2:34 of 1st period - Wrist shot by Matt Read.
2:34 of 1st period - Deflect By Alexandre Burrows.
2:34 of 1st period - Shot Misses the Net.
2:34 of 1st period - Puck is out of play.
2:35 of 1st period - Radek Bonk wins face-off versus Maxim Lapierre in Canucks zone.
3:02 of 1st period - Ryan Whitney is hit by Clarke MacArthur.
3:44 of 1st period - Snap shot by Milan Lucic.
3:44 of 1st period - Stopped by Carey Price with a rebound.
3:46 of 1st period - Slapshot by Matt Greene.
3:46 of 1st period - Shot Misses the Net.
3:58 of 1st period - Minor Penalty to Jason Chimera for Holding.
3:59 of 1st period - Brad Richards wins face-off versus Jaromir Jagr in Canucks zone.
4:04 of 1st period - Slapshot by Johan Franzen.
4:04 of 1st period - Shot Misses the Net.
4:06 of 1st period - Slapshot by Cam Barker.
4:06 of 1st period - Stopped by Carey Price without a rebound.
4:07 of 1st period - Brad Richards wins face-off versus Jaromir Jagr in Canucks zone.
4:12 of 1st period - Wrist shot by Brad Richards.
4:12 of 1st period - Goal by Brad Richards - Canucks : 0 - Rangers : 1.
4:13 of 1st period - Patrice Bergeron wins face-off versus Matt Stajan in neutral zone.
4:40 of 1st period - Alexei Emelin is hit by David Jones.
4:46 of 1st period - Backhand shot by Tomas Plekanec.
4:46 of 1st period - Stopped by Henrik Lundqvist with a rebound.
5:08 of 1st period - Slapshot by Alex Tanguay.
5:08 of 1st period - Stopped by Henrik Lundqvist with a rebound.
5:10 of 1st period - Wrist shot by Antti Miettinen.
5:10 of 1st period - Stopped by Henrik Lundqvist without a rebound.
5:11 of 1st period - Patrice Bergeron wins face-off versus Matt Stajan in Rangers zone.
5:26 of 1st period - Ryan Whitney is hit by Peter Worrell and loses puck.
5:38 of 1st period - Icing by Brad Richards.
5:39 of 1st period - Brad Richards wins face-off versus David Jones in Rangers zone.
5:39 of 1st period - Brad Richards is hit by Steve Montador.
6:13 of 1st period - Slapshot by Patrice Bergeron.
6:13 of 1st period - Shot Misses the Net.
6:15 of 1st period - Slapshot by Ryan Whitney.
6:15 of 1st period - Stopped by Carey Price with a rebound.
6:17 of 1st period - Snap shot by Drew Stafford.
6:17 of 1st period - Shot Misses the Net.
6:38 of 1st period - Backhand shot by Alex Tanguay.
6:38 of 1st period - Stopped by Henrik Lundqvist with a rebound.
6:58 of 1st period - Wrist shot by Nathan Gerbe.
6:58 of 1st period - Stopped by Carey Price without a rebound.
6:59 of 1st period - Patrice Bergeron wins face-off versus Tomas Plekanec in Canucks zone.
7:02 of 1st period - Snap shot by Patrice Bergeron.
7:02 of 1st period - Stopped by Carey Price with a rebound.
7:12 of 1st period - Slapshot by Mike Cammalleri.
7:12 of 1st period - Shot Blocked by Kim Johnsson.
7:33 of 1st period - Snap shot by Brad Richards.
7:33 of 1st period - Stopped by Carey Price without a rebound.
7:34 of 1st period - Maxim Lapierre wins face-off versus Patrice Bergeron in Canucks zone.
7:49 of 1st period - Kyle Cumiskey is hit by Drew Stafford.
8:03 of 1st period - Slapshot by Milan Lucic.
8:03 of 1st period - Shot Blocked by Matt Stajan.
8:05 of 1st period - Snap shot by Cam Barker.
8:05 of 1st period - Deflect By Matt Stajan.
8:05 of 1st period - Stopped by Carey Price with a rebound.
8:13 of 1st period - Snap shot by Milan Lucic.
8:13 of 1st period - Shot Misses the Net.
8:31 of 1st period - Snap shot by Tomas Plekanec.
8:31 of 1st period - Shot Blocked by Radek Bonk.
8:33 of 1st period - Wrist shot by Tomas Plekanec.
8:33 of 1st period - Stopped by Henrik Lundqvist with a rebound.
8:43 of 1st period - Ryan Craig is hit by Milan Lucic and loses puck.
9:08 of 1st period - Kim Johnsson is hit by Mark Fistric and loses puck.
9:34 of 1st period - Snap shot by Jaromir Jagr.
9:34 of 1st period - Goal by Jaromir Jagr - Canucks : 1 - Rangers : 1.
9:35 of 1st period - Matt Stajan wins face-off versus Brad Richards in neutral zone.
9:44 of 1st period - Snap shot by Matt Stajan.
9:44 of 1st period - Stopped by Henrik Lundqvist without a rebound.
9:45 of 1st period - Matt Stajan wins face-off versus Brad Richards in Rangers zone.
9:57 of 1st period - Icing by Johan Franzen.
9:58 of 1st period - Tomas Plekanec wins face-off versus Brad Richards in Rangers zone.
10:57 of 1st period - Slapshot by Tomas Plekanec.
10:57 of 1st period - Stopped by Henrik Lundqvist without a rebound.
10:58 of 1st period - Matt Stajan wins face-off versus Patrice Bergeron in Rangers zone.
11:35 of 1st period - Kyle Cumiskey is hit by Mike Cammalleri and loses puck.
11:56 of 1st period - Wrist shot by Drew Stafford.
11:56 of 1st period - Shot Misses the Net.
12:01 of 1st period - Snap shot by Drew Stafford.
12:01 of 1st period - Stopped by Carey Price without a rebound.
12:02 of 1st period - Matt Stajan wins face-off versus Alexandre Burrows in Canucks zone.
12:26 of 1st period - Icing by Cam Barker.
12:27 of 1st period - Tomas Plekanec wins face-off versus Brad Richards in Rangers zone.
12:52 of 1st period - Mark Fistric is hit by Jaromir Jagr and loses puck.
13:21 of 1st period - Snap shot by Maxim Lapierre.
13:21 of 1st period - Deflect By Alex Tanguay.
13:21 of 1st period - Goal by Alex Tanguay - Canucks : 2 - Rangers : 1.
13:22 of 1st period - Brad Richards wins face-off versus Matt Stajan in neutral zone.
13:27 of 1st period - Wrist shot by Brad Richards.
13:27 of 1st period - Stopped by Carey Price without a rebound.
13:28 of 1st period - Matt Stajan wins face-off versus Brad Richards in Canucks zone.
14:18 of 1st period - Wrist shot by Clarke MacArthur.
14:18 of 1st period - Shot Misses the Net.
14:41 of 1st period - Snap shot by Kimmo Timonen.
14:41 of 1st period - Deflect By Milan Lucic.
14:41 of 1st period - Stopped by Carey Price with a rebound.
14:43 of 1st period - Wrist shot by Milan Lucic.
14:43 of 1st period - Goal by Milan Lucic - Canucks : 2 - Rangers : 2.
14:44 of 1st period - Maxim Lapierre wins face-off versus Brad Richards in neutral zone.
14:47 of 1st period - Brad Richards is hit by Maxim Lapierre.
15:09 of 1st period - Cam Barker is hit by Jaromir Jagr.
15:37 of 1st period - Ryan Craig is hit by Matt Read.
15:41 of 1st period - Radek Bonk is hit by Alex Goligoski and loses puck.
17:01 of 1st period - Snap shot by Nikolai Zherdev.
17:01 of 1st period - Shot Blocked by Mark Fistric.
17:03 of 1st period - Slapshot by Kyle Cumiskey.
17:03 of 1st period - Shot Misses the Net.
17:05 of 1st period - Snap shot by Kyle Cumiskey.
17:05 of 1st period - Shot Misses the Net.
17:07 of 1st period - Slapshot by Sami Lepisto.
17:07 of 1st period - Shot Blocked by Kimmo Timonen.
17:35 of 1st period - Matt Read is hit by Tomas Plekanec and loses puck.
18:07 of 1st period - Alex Goligoski is hit by Milan Lucic and loses puck.
18:18 of 1st period - Slapshot by Mike Cammalleri.
18:18 of 1st period - Stopped by Carey Price with a rebound.
18:40 of 1st period - Slapshot by Clarke MacArthur.
18:40 of 1st period - Shot Misses the Net.
18:58 of 1st period - Snap shot by Milan Lucic.
18:58 of 1st period - Goal by Milan Lucic - Canucks : 2 - Rangers : 3.
18:59 of 1st period - Matt Stajan wins face-off versus Brad Richards in neutral zone.
19:02 of 1st period - Snap shot by Tom Poti.
19:02 of 1st period - Shot Blocked by Johan Franzen.
19:24 of 1st period - Drew Stafford is hit by David Jones.
19:36 of 1st period - Backhand shot by Tomas Plekanec.
19:36 of 1st period - Shot Misses the Net.
19:42 of 1st period - Minor Penalty to Mike Cammalleri for Interference.
19:43 of 1st period - Matt Stajan wins face-off versus Milan Lucic in Rangers zone.
19:46 of 1st period - Wrist shot by Matt Stajan.
19:46 of 1st period - Deflect By Mark Fistric.
19:46 of 1st period - Shot Misses the Net.
19:46 of 1st period - Puck is out of play.
19:47 of 1st period - Matt Stajan wins face-off versus Milan Lucic in Rangers zone.
Goals for this period are 2 for Canucks vs 3 for Rangers.
Shots for this period are 11 for Canucks vs 15 for Rangers.
2nd period
0:01 of 2nd period - Matt Stajan wins face-off versus Milan Lucic in neutral zone.
0:10 of 2nd period - Snap shot by Jaromir Jagr.
0:10 of 2nd period - Shot Misses the Net.
0:12 of 2nd period - Snap shot by Jaromir Jagr.
0:12 of 2nd period - Stopped by Henrik Lundqvist without a rebound.
0:13 of 2nd period - Matt Stajan wins face-off versus Milan Lucic in Rangers zone.
0:24 of 2nd period - Wrist shot by Matt Stajan.
0:24 of 2nd period - Stopped by Henrik Lundqvist with a rebound.
0:31 of 2nd period - Icing by Steve Montador.
0:32 of 2nd period - Milan Lucic wins face-off versus Matt Stajan in Canucks zone.
0:53 of 2nd period - Slapshot by Steve Montador.
0:53 of 2nd period - Stopped by Henrik Lundqvist with a rebound.
0:55 of 2nd period - Wrist shot by Jaromir Jagr.
0:55 of 2nd period - Shot Blocked by Ryan Whitney.
1:27 of 2nd period - Snap shot by Jaromir Jagr.
1:27 of 2nd period - Shot Blocked by Mark Fistric.
1:42 of 2nd period - Penalty to Mike Cammalleri is over, Mike Cammalleri is back on ice.
1:49 of 2nd period - Alex Goligoski is hit by Alexandre Burrows.
1:55 of 2nd period - Slapshot by Alex Goligoski.
1:55 of 2nd period - Shot Misses the Net.
1:57 of 2nd period - Wrist shot by Tomas Plekanec.
1:57 of 2nd period - Shot Misses the Net.
2:07 of 2nd period - Slapshot by Cam Barker.
2:07 of 2nd period - Shot Blocked by Alex Tanguay.
2:13 of 2nd period - Slapshot by Kim Johnsson.
2:13 of 2nd period - Stopped by Henrik Lundqvist with a rebound.
2:17 of 2nd period - Snap shot by Alex Tanguay.
2:17 of 2nd period - Stopped by Henrik Lundqvist without a rebound.
2:18 of 2nd period - Tomas Plekanec wins face-off versus Valtteri Filppula in Rangers zone.
2:44 of 2nd period - Antti Miettinen is hit by Kimmo Timonen.
3:55 of 2nd period - Wrist shot by Alexandre Burrows.
3:55 of 2nd period - Stopped by Carey Price without a rebound.
3:56 of 2nd period - Radek Bonk wins face-off versus Matt Stajan in Canucks zone.
4:26 of 2nd period - Wrist shot by Patrice Bergeron.
4:26 of 2nd period - Shot Blocked by Kim Johnsson.
4:44 of 2nd period - Snap shot by Nikolai Zherdev.
4:44 of 2nd period - Stopped by Henrik Lundqvist with a rebound.
4:58 of 2nd period - Slapshot by Mike Cammalleri.
4:58 of 2nd period - Shot Blocked by Ryan Craig.
5:00 of 2nd period - Snap shot by Mike Cammalleri.
5:00 of 2nd period - Stopped by Carey Price with a rebound.
5:15 of 2nd period - Slapshot by Patrice Bergeron.
5:15 of 2nd period - Stopped by Carey Price with a rebound.
5:32 of 2nd period - Off-side.
5:33 of 2nd period - Matt Stajan wins face-off versus Brad Richards in neutral zone.
6:56 of 2nd period - Backhand shot by Nathan Gerbe.
6:56 of 2nd period - Stopped by Carey Price with a rebound.
7:03 of 2nd period - Snap shot by Valtteri Filppula.
7:03 of 2nd period - Shot Misses the Net.
7:07 of 2nd period - Wrist shot by Milan Lucic.
7:07 of 2nd period - Stopped by Carey Price with a rebound.
7:25 of 2nd period - Snap shot by Nikolai Zherdev.
7:25 of 2nd period - Shot Misses the Net.
8:23 of 2nd period - Snap shot by Patrice Bergeron.
8:23 of 2nd period - Shot Blocked by Steve Montador.
8:25 of 2nd period - Slapshot by Matt Greene.
8:25 of 2nd period - Shot Misses the Net.
8:29 of 2nd period - Snap shot by Drew Stafford.
8:29 of 2nd period - Shot Misses the Net.
8:31 of 2nd period - Snap shot by Patrice Bergeron.
8:31 of 2nd period - Stopped by Carey Price without a rebound.
8:32 of 2nd period - Radek Bonk wins face-off versus Matt Stajan in Canucks zone.
8:39 of 2nd period - Slapshot by Matt Read.
8:39 of 2nd period - Deflect By Alexandre Burrows.
8:39 of 2nd period - Stopped by Carey Price with a rebound.
8:47 of 2nd period - Wrist shot by Radek Bonk.
8:47 of 2nd period - Shot Misses the Net.
8:59 of 2nd period - Patrice Bergeron is hit by David Jones and loses puck.
9:28 of 2nd period - Minor Penalty to Maxim Lapierre for Roughing.
9:29 of 2nd period - Patrice Bergeron wins face-off versus Jaromir Jagr in Canucks zone.
9:40 of 2nd period - Slapshot by Mike Cammalleri.
9:40 of 2nd period - Stopped by Carey Price without a rebound.
9:41 of 2nd period - Patrice Bergeron wins face-off versus Jaromir Jagr in Canucks zone.
9:44 of 2nd period - Wrist shot by Drew Stafford.
9:44 of 2nd period - Stopped by Carey Price with a rebound.
9:46 of 2nd period - Snap shot by Patrice Bergeron.
9:46 of 2nd period - Goal by Patrice Bergeron - Canucks : 2 - Rangers : 4.
9:47 of 2nd period - Matt Stajan wins face-off versus Brad Richards in neutral zone.
9:47 of 2nd period - Matt Stajan is hit by Milan Lucic.
10:00 of 2nd period - Kimmo Timonen and Peter Worrell fight to a draw.
10:00 of 2nd period - Penalty to Kimmo Timonen for Fighting.
10:00 of 2nd period - Penalty to Peter Worrell for Fighting.
10:01 of 2nd period - Matt Stajan wins face-off versus Brad Richards in Rangers zone.
10:12 of 2nd period - Snap shot by Jaromir Jagr.
10:12 of 2nd period - Shot Misses the Net.
11:43 of 2nd period - Clarke MacArthur is hit by Radek Bonk and loses puck.
11:56 of 2nd period - Tomas Plekanec is hit by Radek Bonk.
12:33 of 2nd period - Snap shot by Patrice Bergeron.
12:33 of 2nd period - Stopped by Carey Price with a rebound.
12:54 of 2nd period - Off-side.
12:55 of 2nd period - Valtteri Filppula wins face-off versus Maxim Lapierre in neutral zone.
13:20 of 2nd period - Antti Miettinen is hit by Milan Lucic and loses puck.
13:55 of 2nd period - Wrist shot by Alex Tanguay.
13:55 of 2nd period - Shot Misses the Net.
14:11 of 2nd period - Icing by Alex Goligoski.
14:12 of 2nd period - Patrice Bergeron wins face-off versus Maxim Lapierre in Canucks zone.
14:26 of 2nd period - Minor Penalty to Drew Stafford for Hooking.
14:27 of 2nd period - Brad Richards wins face-off versus Matt Stajan in Rangers zone.
14:27 of 2nd period - Brad Richards is hit by Tom Poti.
15:00 of 2nd period - Penalty to Kimmo Timonen is over, Kimmo Timonen is back on ice.
16:26 of 2nd period - Penalty to Drew Stafford is over, Drew Stafford is back on ice.
17:44 of 2nd period - Kimmo Timonen is hit by Tom Poti.
18:41 of 2nd period - Johan Franzen is hit by Ryan Craig.
19:14 of 2nd period - Minor Penalty to Ryan Whitney for Hooking.
19:15 of 2nd period - Matt Stajan wins face-off versus Milan Lucic in Rangers zone.
Goals for this period are 0 for Canucks vs 1 for Rangers.
Shots for this period are 6 for Canucks vs 11 for Rangers.
3rd period
0:01 of 3rd period - Milan Lucic wins face-off versus Matt Stajan in neutral zone.
0:04 of 3rd period - Slapshot by Cam Barker.
0:04 of 3rd period - Stopped by Carey Price with a rebound.
0:38 of 3rd period - Snap shot by Tomas Plekanec.
0:38 of 3rd period - Stopped by Henrik Lundqvist with a rebound.
1:14 of 3rd period - Penalty to Ryan Whitney is over, Ryan Whitney is back on ice.
1:31 of 3rd period - Slapshot by Mark Fistric.
1:31 of 3rd period - Stopped by Carey Price without a rebound.
1:32 of 3rd period - Tomas Plekanec wins face-off versus Drew Stafford in Canucks zone.
1:37 of 3rd period - Snap shot by Alex Goligoski.
1:37 of 3rd period - Stopped by Henrik Lundqvist with a rebound.
1:41 of 3rd period - Slapshot by Clarke MacArthur.
1:41 of 3rd period - Stopped by Henrik Lundqvist without a rebound.
1:42 of 3rd period - Tomas Plekanec wins face-off versus Mike Cammalleri in Rangers zone.
1:55 of 3rd period - Slapshot by Ryan Whitney.
1:55 of 3rd period - Stopped by Carey Price with a rebound.
2:09 of 3rd period - Slapshot by Alex Goligoski.
2:09 of 3rd period - Stopped by Henrik Lundqvist without a rebound.
2:10 of 3rd period - Milan Lucic wins face-off versus Matt Stajan in Rangers zone.
2:35 of 3rd period - Slapshot by Alex Goligoski.
2:35 of 3rd period - Stopped by Henrik Lundqvist with a rebound.
2:45 of 3rd period - Wrist shot by Alex Tanguay.
2:45 of 3rd period - Deflect By Maxim Lapierre.
2:45 of 3rd period - Stopped by Henrik Lundqvist with a rebound.
3:05 of 3rd period - Slapshot by Patrice Bergeron.
3:05 of 3rd period - Stopped by Carey Price without a rebound.
3:06 of 3rd period - Matt Stajan wins face-off versus Brad Richards in Canucks zone.
3:14 of 3rd period - Tom Poti is hit by Brad Richards and loses puck.
3:31 of 3rd period - Cam Barker is hit by Tomas Plekanec and loses puck.
4:16 of 3rd period - Matt Greene is hit by Alex Goligoski and loses puck.
4:43 of 3rd period - Slapshot by Sami Lepisto.
4:43 of 3rd period - Stopped by Henrik Lundqvist with a rebound.
5:29 of 3rd period - Backhand shot by Nikolai Zherdev.
5:29 of 3rd period - Shot Misses the Net.
5:31 of 3rd period - Slapshot by Sami Lepisto.
5:31 of 3rd period - Deflect By Nikolai Zherdev.
5:31 of 3rd period - Stopped by Henrik Lundqvist with a rebound.
5:33 of 3rd period - Slapshot by Kyle Cumiskey.
5:33 of 3rd period - Deflect By Nikolai Zherdev.
5:33 of 3rd period - Deflect By Matt Read.
5:33 of 3rd period - Shot Blocked by Matt Read.
5:33 of 3rd period - Puck is out of play.
5:34 of 3rd period - Ryan Craig wins face-off versus Patrice Bergeron in Rangers zone.
6:06 of 3rd period - Wrist shot by Peter Worrell.
6:06 of 3rd period - Shot Misses the Net.
6:08 of 3rd period - Snap shot by Jaromir Jagr.
6:08 of 3rd period - Shot Misses the Net.
6:10 of 3rd period - Slapshot by Steve Montador.
6:10 of 3rd period - Deflect By Radek Bonk.
6:10 of 3rd period - Stopped by Henrik Lundqvist with a rebound.
6:46 of 3rd period - Kimmo Timonen is hit by Antti Miettinen and loses puck.
6:55 of 3rd period - Snap shot by Milan Lucic.
6:55 of 3rd period - Stopped by Carey Price with a rebound.
7:01 of 3rd period - Backhand shot by Milan Lucic.
7:01 of 3rd period - Shot Misses the Net.
7:47 of 3rd period - Snap shot by Milan Lucic.
7:47 of 3rd period - Deflect By Brad Richards.
7:47 of 3rd period - Shot Misses the Net.
7:47 of 3rd period - Puck is out of play.
7:48 of 3rd period - Matt Stajan wins face-off versus Patrice Bergeron in Canucks zone.
7:55 of 3rd period - Slapshot by Jaromir Jagr.
7:55 of 3rd period - Stopped by Henrik Lundqvist without a rebound.
7:56 of 3rd period - Patrice Bergeron wins face-off versus Jaromir Jagr in Rangers zone.
8:21 of 3rd period - Wrist shot by Ryan Whitney.
8:21 of 3rd period - Deflect By Matt Read.
8:21 of 3rd period - Goal by Matt Read - Canucks : 2 - Rangers : 5.
8:22 of 3rd period - Matt Stajan wins face-off versus Patrice Bergeron in neutral zone.
8:26 of 3rd period - Snap shot by Matt Stajan.
8:26 of 3rd period - Shot Misses the Net.
8:28 of 3rd period - Snap shot by Peter Worrell.
8:28 of 3rd period - Stopped by Henrik Lundqvist without a rebound.
8:29 of 3rd period - Matt Stajan wins face-off versus Patrice Bergeron in Rangers zone.
8:42 of 3rd period - Wrist shot by Patrice Bergeron.
8:42 of 3rd period - Stopped by Carey Price without a rebound.
8:43 of 3rd period - Brad Richards wins face-off versus Matt Stajan in Canucks zone.
8:48 of 3rd period - Snap shot by Milan Lucic.
8:48 of 3rd period - Shot Misses the Net.
9:04 of 3rd period - Minor Penalty to Brad Richards for High sticking.
9:05 of 3rd period - Milan Lucic wins face-off versus Matt Stajan in Rangers zone.
9:16 of 3rd period - Slapshot by Alex Goligoski.
9:16 of 3rd period - Shot Blocked by Milan Lucic.
9:18 of 3rd period - Wrist shot by Jaromir Jagr.
9:18 of 3rd period - Stopped by Henrik Lundqvist without a rebound.
9:19 of 3rd period - Milan Lucic wins face-off versus Matt Stajan in Rangers zone.
9:34 of 3rd period - Slapshot by Alex Goligoski.
9:34 of 3rd period - Stopped by Henrik Lundqvist with a rebound.
9:44 of 3rd period - Peter Worrell is hit by Milan Lucic and loses puck.
10:03 of 3rd period - Snap shot by David Jones.
10:03 of 3rd period - Deflect By Tomas Plekanec.
10:03 of 3rd period - Shot Misses the Net.
10:03 of 3rd period - Puck is out of play.
10:04 of 3rd period - Patrice Bergeron wins face-off versus Tomas Plekanec in Rangers zone.
10:39 of 3rd period - Icing by Tom Poti.
10:40 of 3rd period - Matt Stajan wins face-off versus Milan Lucic in Canucks zone.
10:45 of 3rd period - Wrist shot by Matt Stajan.
10:45 of 3rd period - Shot Misses the Net.
10:47 of 3rd period - Snap shot by Matt Stajan.
10:47 of 3rd period - Shot Blocked by Milan Lucic.
10:49 of 3rd period - Slapshot by Kim Johnsson.
10:49 of 3rd period - Shot Blocked by Kimmo Timonen.
10:51 of 3rd period - Snap shot by Matt Stajan.
10:51 of 3rd period - Stopped by Henrik Lundqvist with a rebound.
10:53 of 3rd period - Snap shot by Peter Worrell.
10:53 of 3rd period - Shot Blocked by Kimmo Timonen.
11:03 of 3rd period - Mark Fistric is hit by Steve Montador and loses puck.
11:04 of 3rd period - Penalty to Brad Richards is over, Brad Richards is back on ice.
12:02 of 3rd period - Slapshot by Maxim Lapierre.
12:02 of 3rd period - Goal by Maxim Lapierre - Canucks : 3 - Rangers : 5.
12:03 of 3rd period - Jaromir Jagr wins face-off versus Patrice Bergeron in neutral zone.
12:10 of 3rd period - Snap shot by Matt Stajan.
12:10 of 3rd period - Shot Blocked by Drew Stafford.
12:16 of 3rd period - Slapshot by Matt Stajan.
12:16 of 3rd period - Stopped by Henrik Lundqvist with a rebound.
12:18 of 3rd period - Slapshot by Tom Poti.
12:18 of 3rd period - Stopped by Henrik Lundqvist without a rebound.
12:19 of 3rd period - Brad Richards wins face-off versus Tomas Plekanec in Rangers zone.
12:28 of 3rd period - Snap shot by Clarke MacArthur.
12:28 of 3rd period - Shot Misses the Net.
12:50 of 3rd period - Slapshot by Patrice Bergeron.
12:50 of 3rd period - Shot Blocked by Tom Poti.
13:20 of 3rd period - Wrist shot by Alexandre Burrows.
13:20 of 3rd period - Shot Misses the Net.
13:30 of 3rd period - Alex Tanguay is hit by Valtteri Filppula.
13:57 of 3rd period - David Jones is hit by Matt Greene and loses puck.
14:04 of 3rd period - Wrist shot by Milan Lucic.
14:04 of 3rd period - Deflect By Johan Franzen.
14:04 of 3rd period - Shot Blocked by Alex Goligoski.
14:04 of 3rd period - Puck is out of play.
14:05 of 3rd period - Matt Stajan wins face-off versus Radek Bonk in Canucks zone.
14:18 of 3rd period - Wrist shot by Jaromir Jagr.
14:18 of 3rd period - Stopped by Henrik Lundqvist without a rebound.
14:19 of 3rd period - Brad Richards wins face-off versus Matt Stajan in Rangers zone.
14:49 of 3rd period - Snap shot by Alex Goligoski.
14:49 of 3rd period - Goal by Alex Goligoski - Canucks : 4 - Rangers : 5.
14:50 of 3rd period - Brad Richards wins face-off versus Matt Stajan in neutral zone.
15:27 of 3rd period - Snap shot by Radek Bonk.
15:27 of 3rd period - Deflect By Alexandre Burrows.
15:27 of 3rd period - Stopped by Carey Price with a rebound.
15:37 of 3rd period - Slapshot by Patrice Bergeron.
15:37 of 3rd period - Stopped by Carey Price with a rebound.
16:06 of 3rd period - Icing by Tom Poti.
16:07 of 3rd period - Matt Stajan wins face-off versus Radek Bonk in Canucks zone.
16:22 of 3rd period - Slapshot by Matt Read.
16:22 of 3rd period - Shot Blocked by Matt Stajan.
16:36 of 3rd period - Wrist shot by Tomas Plekanec.
16:36 of 3rd period - Shot Misses the Net.
16:38 of 3rd period - Snap shot by Tomas Plekanec.
16:38 of 3rd period - Shot Misses the Net.
16:52 of 3rd period - Snap shot by Milan Lucic.
16:52 of 3rd period - Stopped by Carey Price without a rebound.
16:53 of 3rd period - Patrice Bergeron wins face-off versus Maxim Lapierre in Canucks zone.
17:08 of 3rd period - Snap shot by Alex Tanguay.
17:08 of 3rd period - Stopped by Henrik Lundqvist with a rebound.
17:18 of 3rd period - Snap shot by Jaromir Jagr.
17:18 of 3rd period - Shot Misses the Net.
17:20 of 3rd period - Wrist shot by Steve Montador.
17:20 of 3rd period - Stopped by Henrik Lundqvist without a rebound.
17:21 of 3rd period - Brad Richards wins face-off versus Matt Stajan in Rangers zone.
17:28 of 3rd period - Snap shot by Milan Lucic.
17:28 of 3rd period - Stopped by Carey Price without a rebound.
17:29 of 3rd period - Matt Stajan wins face-off versus Johan Franzen in Canucks zone.
17:39 of 3rd period - Off-side.
17:40 of 3rd period - Matt Stajan wins face-off versus Brad Richards in neutral zone.
17:44 of 3rd period - Off-side.
17:45 of 3rd period - Brad Richards wins face-off versus Matt Stajan in neutral zone.
17:54 of 3rd period - Wrist shot by Milan Lucic.
17:54 of 3rd period - Stopped by Carey Price without a rebound.
17:55 of 3rd period - Brad Richards wins face-off versus Matt Stajan in Canucks zone.
19:07 of 3rd period - Slapshot by Brad Richards.
19:07 of 3rd period - Shot Misses the Net.
19:22 of 3rd period - Minor Penalty to Brad Richards for Interference.
19:23 of 3rd period - Matt Stajan wins face-off versus Milan Lucic in Rangers zone.
19:23 of 3rd period - Canucks, Carey Price is pulled from the net.
19:25 of 3rd period - Wrist shot by Jaromir Jagr.
19:25 of 3rd period - Shot Blocked by Cam Barker.
Goals for this period are 2 for Canucks vs 1 for Rangers.
Shots for this period are 21 for Canucks vs 12 for Rangers.
Output by the SimonT Hockey Simulator (STHS) for François Prévost -- Original Page W3C XHTML 1.0 Valid